 Dungeon Crawl Stone Soup version 0.16-a0-465-g631e55c (webtiles) character file.

178 Afay the Ducker (level 5, -1/41 HPs)
             Began as a Merfolk Abyssal Knight on Sept 16, 2014.
             Was an Elder of Lugonu.
             Succumbed to a gnoll's poison
             ... on Level 3 of the Dungeon.
             The game lasted 00:06:15 (2612 turns).

Afay the Ducker (Merfolk Abyssal Knight)            Turns: 2612, Time: 00:06:15

HP  -1/41        AC  3     Str 13      XL: 5   Next: 58%
MP   6/6         EV 20     Int 12      God: Lugonu [****..]
Gold 138         SH  0     Dex 18      Spells:  0 memorised,  4 levels left

rFire  + . .     SeeInvis .     a - +1 spear
rCold  + . .     Clarity  .     b - +0 leather armour
rNeg   . . .     rCorr    +     (no shield)
rPois  +         rRot     .     (no helmet)
rElec  +         Spirit   .     (no cloak)
SustAb .         Warding  .     (no gloves)
rMut   .         Stasis   .     (no boots)
Gourm  .                        (no amulet)
MR     .....                    (no ring)
                                (no ring)

@: agile, lethally poisoned, resistant, not resistant to hostile enchantments,
fairly stealthy
A: change form in water, swift swim
a: Depart the Abyss, Bend Space, Banish, Corrupt, Renounce Religion


You were on level 3 of the Dungeon.
You worshipped Lugonu.
Lugonu was greatly pleased with you.
You were very hungry.

You visited 1 branch of the dungeon, and saw 3 of its levels.
You visited the Abyss 1 time.

You collected 138 gold pieces.

Inventory:

Hand weapons
 a - a +1 spear (weapon)
Armour
 b - a +0 leather armour (worn)
Comestibles
 c - 3 bread rations
 f - a meat ration
 h - a beef jerky
Scrolls
 d - a scroll of blinking {unknown}
 e - a scroll of teleportation
 i - a scroll of magic mapping {unknown}
 j - a scroll of recharging {unknown}
 k - 2 scrolls of fog {unknown}
 m - a scroll of enchant weapon {unknown}
 n - a scroll of identify {unknown}
Jewellery
 l - an uncursed amulet of resist mutation {unknown}
Potions
 p - a potion of porridge


   Skills:
 - Level 3.3 Fighting
 + Level 4.1 Polearms
 + Level 1.4 Armour
 * Level 6.0 Dodging
 + Level 0.8 Stealth
 + Level 2.3 Invocations


You had 4 spell levels left.
You didn't know any spells.

Dungeon Overview and Level Annotations

Branches:
Dungeon (3/15)

Altars:
Dithmenos
Makhleb
Sif Muna


Message History

You feel sick.
The gnoll hits you from afar with a halberd of venom.
You are lethally poisoned!
Attack whom?
Press: ? - help, Dir - move target cursor, f/p - gnoll
Aim: a gnoll, wielding a halberd of venom (heavily wounded)
You reach to attack!
Your leather armour prevents you from hitting the gnoll.
The gnoll is heavily wounded.
You feel sick.
Drink which item? (? for menu, Esc to quit)
You feel protected.
It was a potion of resistance.
You feel sick.
The gnoll hits you from afar with a halberd of venom!
* * * LOW HITPOINT WARNING * * *
A gnoll comes into view. It is wielding a spear.
Drink which item? (? for menu, Esc to quit)
You feel agile all of a sudden.
It was a potion of agility.
You die...

#.########
#(. #g#
#.# #.#
##.## #.#
#...## #.#
#..... #.#
#...## #)#
##.##
#g#####
#.#
#.g.@.#
#.#
#####.#
#.##
#####.#
#..#
#.....#
#..#
#.#####
#..# #.#
#..# #.#
#..# #.#
#..# #.#
#..##


You could see 2 gnolls.

Vanquished Creatures
  A giant frog (D:3)
  2 adders
  A gnoll (D:3)
  A giant mite (D:2)
  A worm (D:2)
  A giant gecko (D:2)
  An ooze (D:3)
  4 orcs (D:3)
  7 giant cockroaches
  6 goblins
  8 hobgoblins
  5 jackals (D:2)
  2 quokkas
  7 bats
  6 giant newts
  5 kobolds
  7 rats
65 creatures vanquished.

Notes
Turn   | Place    | Note
--------------------------------------------------------------
     0 | Abyss:1  | Afay, the Merfolk Abyssal Knight, began the quest for the Orb.
     0 | Abyss:1  | Reached XP level 1. HP: 18/18 MP: 1/1
    24 | Abyss:1  | Found a corrupted altar of Lugonu.
    47 | D:1      | Escaped the Abyss
   143 | D:1      | Reached XP level 2. HP: 20/24 MP: 2/2
   272 | D:1      | Acquired Lugonu's second power
   794 | D:1      | Reached skill level 1 in Armour
   962 | D:2      | Reached XP level 3. HP: 29/29 MP: 4/4
   975 | D:2      | Found a burning altar of Makhleb.
  1308 | D:2      | Acquired Lugonu's third power
  1426 | D:2      | Reached skill level 4 in Dodging
  1519 | D:2      | Reached XP level 4. HP: 31/35 MP: 5/5
  1920 | D:3      | Found a shadowy altar of Dithmenos.
  2018 | D:3      | Noticed a giant frog
  2039 | D:3      | Killed a giant frog
  2039 | D:3      | Reached skill level 5 in Dodging
  2039 | D:3      | Reached XP level 5. HP: 26/41 MP: 6/6
  2292 | D:3      | Found a deep blue altar of Sif Muna.
  2522 | D:3      | Acquired Lugonu's fourth power
  2578 | D:3      | Reached skill level 6 in Dodging
  2611 | D:3      | HP: 1/41 [gnoll/halberd of venom (12)]
  2612 | D:3      | Succumbed to a gnoll's poison

Action                   |  1- 3 |  4- 6 || total
-------------------------+-------+-------++-------
Melee: Spear             |   162 |   110 ||   272
  Use: Scroll            |     1 |       ||     1
       Potion            |       |     2 ||     2
 Stab: Sleeping          |     2 |       ||     2
  Eat: Chunk             |     1 |     2 ||     3
       Beef jerky        |       |     1 ||     1
